 Dungeon Crawl Stone Soup version 0.29-a0-757-g358383b (webtiles) character file.

Game seed: 15440546028782565509

5205 Illumine the Basher (level 11, -3/92 HPs)
             Began as a Meteoran Fighter on June 30, 2022.
             Was an Initiate of Gozag.
             Slain by a seven-headed hydra (8 damage)
             ... on level 1 of the Lair of Beasts.
             The game lasted 00:19:55 (4199 turns).

Illumine the Basher (Meteoran Fighter)              Turns: 4199, Time: 00:19:56

Health: -3/92      AC: 16    Str: 24    XL:     11   Next: 14%
Magic:  18/18      EV: 13    Int:  6    God:    Gozag
Gold:   1116       SH:  6    Dex: 20    Spells: 9/18 levels left

rFire   . . .      SeeInvis .   D - +7 mace "Wuimequc" {freeze, rElec rCorr Int-3 Dex+7}
rCold   . . .      Faith    .   c - +0 buckler
rNeg    . . .      Spirit   .   b - +1 scale mail
rPois   .          Reflect  .   q - +0 helmet
rElec   +          Harm     .   (no cloak)
rCorr   +          Rampage  .   A - +0 pair of gloves
Will    +....                   (no boots)
Stlth   ..........              m - amulet of the acrobat
HPRegen 0.25/turn               y - +4 ring of evasion
MPRegen 0.16/turn               t - +4 ring of protection

@: gold aura, glowing
A: sense surroundings 2, otherworldly, glowing, explore regen
a: Renounce Religion, Potion Petition, Call Merchant, Bribe Branch


You were on level 1 of the Lair of Beasts.
You worshipped Gozag.
Gozag was most pleased with you.
You visited 3 branches of the dungeon, and saw 12 of its levels.

You collected 1195 gold pieces.
You paid 79 gold pieces to Gozag.

Inventory:

Hand Weapons
 a - a +0 flail
 B - a +0 shortbow of freezing
 D - the +7 mace "Wuimequc" (weapon) {freeze, rElec rCorr Int-3 Dex+7}
   (You found it on level 7 of the Dungeon)

   It freezes those it strikes, dealing additional cold damage.
   It can also slow down cold-blooded creatures.
   Int:       It affects your intelligence (-3).
   Dex:       It affects your dexterity (+7).
   rElec:     It insulates you from electricity.
   rCorr:     It protects you from acid and corrosion.
 I - the +0 staff of Battle
   (You found it on level 8 of the Dungeon)

   It enhances your conjuration magic.
   It summons a battlesphere in combat, with strength depending on Conjurations
   skill.
   Its strikes trigger the battlesphere's blasts.
Missiles
 p - 13 poisoned darts (quivered)
 G - 2 silver javelins
Armour
 b - a +1 scale mail (worn)
 c - a +0 buckler (worn)
 q - a +0 helmet (worn)
 A - a +0 pair of gloves (worn)
Jewellery
 k - a ring of resist corrosion
 m - an amulet of the acrobat (around neck)
 t - a +4 ring of protection (right hand)
 x - a ring of willpower
 y - a +4 ring of evasion (left hand)
 z - a ring of ice
 E - a ring of fire
 F - a ring of willpower
Scrolls
 d - a scroll of magic mapping {unknown}
 f - 4 scrolls of teleportation
 g - a scroll of fog
 i - 2 scrolls of torment {unknown}
 l - a scroll of immolation {unknown}
 n - a scroll of enchant armour
 s - a scroll of noise {unknown}
 u - a scroll of vulnerability {unknown}
 v - a scroll of enchant weapon {unknown}
 w - a scroll of silence {unknown}
 K - a scroll of fear {unknown}
 L - 2 scrolls of amnesia {unknown}
 N - a scroll of blinking {unknown}
Potions
 e - 3 potions of attraction
 h - 2 potions of resistance
 j - 2 potions of brilliance
 o - 2 potions of mutation {unknown}
 r - 9 potions of curing
 H - 2 potions of lignification {unknown}
 M - a potion of flight {unknown}


   Skills:
 + Level 7.6 Fighting
 * Level 12.0 Maces & Flails
 + Level 2.7 Ranged Weapons
 + Level 8.5 Armour
 - Level 4.2 Shields
 - Level 4.0 Spellcasting
 + Level 7.0 Translocations
 - Level 3.1 Transmutations
 - Level 3.0 Air Magic


You had 9 spell levels left.
You knew the following spells:

 Your Spells              Type           Power      Damage    Failure   Level
a - Blink                 Tloc           18%        N/A       8%          2
b - Storm Form            Tmut/Air       2%         N/A       100%        7

Your spell library contained the following spells:

 Spells                   Type           Power      Damage    Failure   Level
 Manifold Assault         Tloc           9%         N/A       82%         5
 Ignite Poison            Fire/Tmut/Pois 2%         N/A       88%         3
 Mephitic Cloud           Conj/Pois/Air  2%         N/A       88%         3
 Summon Forest            Summ/Tloc      2%         N/A       99%         5
 Freezing Cloud           Conj/Ice/Air   1%         6-21      100%        5
 Summon Mana Viper        Hex/Summ       1%         N/A       100%        5
 Summon Cactus Giant      Summ           0%         N/A       100%        6


Dungeon Overview and Level Annotations

Branches:
Dungeon (10/15) Zot: 1853  Temple (1/1) D:5 Zot: 564    Lair (1/6) D:10 Zot: 539
    Orc: D:9-12

Altars:
Ashenzari
Cheibriados
Dithmenos
Elyvilon
Fedhas
Gozag
Kikubaaqudgha
Nemelex Xobeh
Okawaru
Qazlal
Ru
Sif Muna
Trog
Vehumet
Wu Jian
Xom
Yredelemnul
The Shining One

Annotations:
D:6 Edmund
D:9 3 runed translucent doors, Dega's ghost, novice SpHu
Temple 2 transporters


Innate Abilities, Weirdness & Mutations

You passively map the area around you.
You are easily found by Zot.
You glow in the dark.
You regain HP and MP as you explore.


Message History

The mass of ice explodes!
The iceblast engulfs the seven-headed hydra!
The seven-headed hydra is heavily wounded.
The now-empty wand crumbles to dust.
The seven-headed hydra closely misses you.
The seven-headed hydra bites you.
The seven-headed hydra closely misses you.
The seven-headed hydra bites you but does no damage.
You block the seven-headed hydra's attack.
The seven-headed hydra bites you but does no damage.
The seven-headed hydra bites you.
Aiming: Corrosive Bolt
Press: ? - help, Shift-Dir - straight line, f - seven-headed hydra
Aim: a seven-headed hydra (heavily wounded, covered in acid, 90% to hit)
The bolt of acid hits the seven-headed hydra!
The seven-headed hydra seems to be corroded for longer.
The seven-headed hydra is severely wounded.
The seven-headed hydra misses you. The seven-headed hydra bites you.
* * * LOW HITPOINT WARNING * * *
The seven-headed hydra barely misses you.
The seven-headed hydra bites you!
* * * LOW HITPOINT WARNING * * *
The seven-headed hydra bites you!
* * * LOW HITPOINT WARNING * * *
You block the seven-headed hydra's attack.
The seven-headed hydra bites you.
* * * LOW HITPOINT WARNING * * *
A water moccasin comes into view.
Aiming: Corrosive Bolt
Press: ? - help, Shift-Dir - straight line, f/p - seven-headed hydra
Aim: a seven-headed hydra (severely wounded, covered in acid, 90% to hit)
The bolt of acid hits the seven-headed hydra!
The seven-headed hydra is almost dead.
The now-empty wand crumbles to dust.
The seven-headed hydra bites you but does no damage.
The seven-headed hydra barely misses you. x2
The seven-headed hydra bites you but does no damage.
The seven-headed hydra bites you!
You die...
Your body crumbles into a pile of gold.

....................., ,
, ,,,
......................S.
, , , ,
........................
, .................#
..... ,, ,,
.................##.....
, ,
........................,
,
........................,
, ,,
...........###..........
,, ..........##
##.@D...... ,, ,
.........## #..........
*, $ , .#####.###
###########* , ## ### * ,
, ,, , , * ,, , * , * * ,
, * , $ , *


You could see a seven-headed hydra (corroded) and a water moccasin.

Vanquished Creatures
  A komodo dragon (Lair:1)
  A tengu conjurer (D:8)
  A troll (D:10)
  A vampire (D:9)
  A wyvern (D:8)
  Grum (D:10)
  A steam dragon (D:9)
  4 water moccasins
  An ice beast (D:8)
  6 orc warriors
  7 wolves (D:10)
  An ogre (D:5)
  2 centaurs
  A gnoll sergeant (D:9)
  A kobold brigand (D:7)
  3 bullfrogs
  3 necrophages
  5 wights
  4 electric eels (D:10)
  2 howler monkeys
  7 hounds
  7 orc priests
  A jelly (D:7)
  A gnoll shaman (D:9)
  An iguana (D:6)
  Terence (D:3)
  10 orc wizards
  7 gnolls (D:9)
  7 adders
  A shadow imp (D:8)
  A white imp (D:6)
  4 ufetubi
  3 worms
  A dart slug (D:4)
  31 orcs
  4 endoplasms
  4 giant cockroaches
  4 goblins
  9 hobgoblins
  5 jackals
  2 ball pythons
  4 bats
  2 frilled lizards
  9 kobolds
  4 rats
177 creatures vanquished.

Notes
Turn   | Place    | Note
-------+----------+-------------------------------------------
     0 | D:1      | Illumine the Meteoran Fighter began the quest for the Orb.
     0 | D:1      | Reached XP level 1. HP: 19/19 MP: 2/2
   119 | D:1      | Reached skill level 3 in Maces & Flails
   119 | D:1      | Reached XP level 2. HP: 23/26 MP: 3/3
   214 | D:2      | Reached XP level 3. HP: 29/31 MP: 4/4
   451 | D:2      | Reached XP level 4. HP: 40/40 MP: 5/5
   587 | D:3      | Reached skill level 4 in Maces & Flails
   623 | D:3      | Noticed Terence
   636 | D:3      | Killed Terence
   637 | D:3      | Reached XP level 5. HP: 36/46 MP: 6/6
   957 | D:4      | Learned a level 2 spell: Blink
  1188 | D:4      | Found a shimmering blue altar of Sif Muna.
  1283 | D:5      | Entered Level 5 of the Dungeon
  1283 | D:5      | Noticed an ogre
  1291 | D:5      | Killed an ogre
  1292 | D:5      | Reached skill level 5 in Maces & Flails
  1292 | D:5      | Reached skill level 1 in Spellcasting
  1292 | D:5      | Reached skill level 1 in Translocations
  1292 | D:5      | Reached XP level 6. HP: 9/52 MP: 6/8
  1428 | D:5      | Noticed an ogre
  1433 | D:4      | Reached XP level 7. HP: 60/60 MP: 10/10
  1459 | D:5      | Reached skill level 5 in Armour
  1488 | D:5      | Found a staircase to the Ecumenical Temple.
  1498 | Temple   | Entered the Ecumenical Temple
  1498 | Temple   | Found a transporter.
  1498 | Temple   | Found a transporter.
  1500 | Temple   | Found a transporter.
  1500 | Temple   | Found a transporter.
  1519 | Temple   | Became a worshipper of Gozag Ym Sagoz the Greedy
  1572 | D:5      | Learned a level 7 spell: Storm Form
  1656 | D:5      | Reached skill level 6 in Maces & Flails
  1786 | D:6      | Reached skill level 1 in Air Magic
  1793 | D:6      | Reached skill level 1 in Transmutations
  1840 | D:6      | Reached XP level 8. HP: 58/67 MP: 12/12
  1941 | D:6      | Noticed Edmund
  1947 | D:6      | Reached skill level 5 in Fighting
  1947 | D:6      | Reached skill level 7 in Maces & Flails
  2393 | D:7      | Gained mutation: You passively map the area around you.
                  | [Meteoran growth]
  2393 | D:7      | Reached XP level 9. HP: 66/70 MP: 15/15
  2397 | D:7      | Found a sacrificial altar of Ru.
  2471 | D:7      | Found an iron altar of Okawaru.
  2485 | D:7      | Identified the +7 mace "Wuimequc" {freeze, rElec rCorr
                  | Int-3 Dex+7}
  2606 | D:7      | Reached skill level 8 in Maces & Flails
  2823 | D:8      | Reached skill level 9 in Maces & Flails
  2852 | D:8      | Reached skill level 5 in Translocations
  3000 | D:8      | Reached XP level 10. HP: 83/83 MP: 17/17
  3281 | D:8      | Found the +0 staff of Battle
  3284 | D:8      | Noticed a tengu conjurer
  3291 | D:8      | Killed a tengu conjurer
  3292 | D:8      | Reached skill level 10 in Maces & Flails
  3336 | D:9      | Found a runed translucent gate.
  3336 | D:9      | Found a runed translucent gate.
  3336 | D:9      | Found a runed translucent gate.
  3352 | D:9      | Noticed Dega's ghost (novice SpHu)
  3379 | D:9      | Found an ornate altar of the Wu Jian Council.
  3718 | D:9      | Found a radiant altar of Vehumet.
  3743 | D:9      | Reached skill level 11 in Maces & Flails
  3764 | D:9      | Reached skill level 1 in Ranged Weapons
  3819 | D:10     | Entered Level 10 of the Dungeon
  3848 | D:10     | Noticed Grum
  3872 | D:10     | Killed Grum
  3993 | D:10     | Found a staircase to the Lair.
  4007 | D:10     | Reached XP level 11. HP: 92/92 MP: 18/18
  4139 | Lair:1   | Entered Level 1 of the Lair of Beasts
  4164 | Lair:1   | Reached skill level 12 in Maces & Flails
  4190 | Lair:1   | Noticed a seven-headed hydra
  4198 | Lair:1   | HP: 4/92 [seven-headed hydra (1)]
  4199 | Lair:1   | Slain by a seven-headed hydra

Illustrated notes

Levels and vault maps discovered:
D:1:      amcnicky_arrival_gap_in_the_tavern_cellar, layout_rooms,
          hellmonk_ecumenical_altar_defaced_shrine, serial_bayou_pond_a
D:2:      layout_loops_ring
D:3:      layout_loops_corners, uniq_terence
D:4:      layout_basic, nicolae_uskayaw_suspiria, amcnicky_altar_gilded
D:5:      layout_rooms, minmay_temple_entry_statues_fountains
D:6:      layout_rooms, mainiacjoe_overflow_alcove_2, zin_statuary, uniq_edmund
D:7:      layout_loops_ring, nicolae_ru_great_annihilating_truth,
          okawaru_ov_weapons_minmay, dk_vineyard_3, uniq_maggie
D:8:      layout_gridville, chequers_serial_rivers_micro_c,
          minmay_misc_feat_five, hellmonk_guarded_unrand_staff_of_battle
D:9:      layout_rooms, mainiacjoe_overflow_alcove_1,
          mainiacjoe_overflow_big_doors, gammafunk_ghost_ooze, nrook_campfire,
          minmay_misc_feat_square
D:10:     layout_irregular_city, erik_lair_island, gammafunk_ghost_grave,
          uniq_grum
Temple:   hellmonk_temple_divided_pantheon
Lair:1:   layout_hall_layers, beast_lair_carwin_4

Skill      XL: |  1  2  3  4  5  6  7  8  9 10 11 |
---------------+----------------------------------+-----
Maces & Flails | 3 4 5 6 7 9 11 12 | 12.0
Armour         | 4 5 6 8 |  8.5
Shields        | 4 |  4.2
Fighting       | 4 5 6 7 |  7.6
Spellcasting   | 1 2 3 4 |  4.0
Translocations | 1 2 3 5 6 7 |  7.0
Air Magic      | 1 2 3 |  3.0
Transmutations | 1 2 3 |  3.1
Ranged Weapons | 2 |  2.7

Action                   |  1- 3 |  4- 6 |  7- 9 | 10-12 || total
-------------------------+-------+-------+-------+-------++-------
Melee: Flail             |    76 |   126 |   204 |       ||   406
       Mace              |       |       |    59 |   194 ||   253
Throw: Dart              |       |     4 |     2 |     3 ||     9
       Javelin           |       |       |     6 |     2 ||     8
Evoke: Wand              |       |       |       |     9 ||     9
  Use: Scroll            |       |     2 |     5 |     2 ||     9
       Potion            |       |     1 |     2 |       ||     3
 Stab: Paralysed         |       |       |     1 |       ||     1
       Distracted        |       |       |       |     2 ||     2
Armor: Scale mail        |    42 |    84 |   128 |    79 ||   333
Dodge: Dodged            |    35 |    62 |   132 |   104 ||   333
Block: Buckler           |    23 |    30 |    51 |    60 ||   164

Table legend: (Time is in decaauts)
 A = Elapsed time spent in this place.
 B = Non-inter-level travel time spent in this place.
 C = Inter-level travel time spent in this place.
 D = Time resting spent in this place.
 E = Time spent auto-exploring this place.
 F = Levels seen in this place.
 G = Mean time per level.
                   A        B        C        D        E       F      G
               +--------+--------+--------+--------+--------+-----+--------+
         Total |   4241 |   4010 |    231 |    434 |    927 |  12 |  353.4 |
       Dungeon |   4146 |   3921 |    225 |    434 |    914 |  10 |  414.6 |
        Temple |     35 |     29 |      6 |      0 |      0 |   1 |   35.0 |
          Lair |     59 |     59 |      0 |      0 |     13 |   1 |   59.0 |
               +--------+--------+--------+--------+--------+-----+--------+

Top non-repeatable levels by time:
     D:8: 785 daAuts
     D:4: 512 daAuts
     D:5: 436 daAuts
     D:6: 426 daAuts
     D:3: 417 daAuts
     D:2: 406 daAuts
     D:9: 375 daAuts
    D:10: 318 daAuts
     D:7: 315 daAuts
     D:1: 151 daAuts
  Lair:1: 59 daAuts
  Temple: 35 daAuts
